 Dungeon Crawl Stone Soup version 0.31-a0-321-g19405a7a6a (webtiles) character file.

Game seed: 14593088509705558878

130 marky1606 the Changeling (level 4, -2/33 HPs)
             Began as a Demonspawn Shapeshifter on July 17, 2023.
             Killed from afar by Sigmund (11 damage)
             ... with a magic dart
             ... on level 3 of the Dungeon.
             The game lasted 00:05:02 (2513 turns).

marky1606 the Changeling (Demonspawn Shapeshifter)  Turns: 2513, Time: 00:05:03

Health: -2/33      AC:  2    Str: 12 (15) XL:     4   Next: 89%
Magic:  4/4        EV: 12    Int:  7 (9)  God:
Gold:   88         SH:  0    Dex: 14 (16) Spells: 3/3 levels left

rFire   . .          .
                       - Unarmed
rCold   . . .        (no shield)
rNeg    . . .        a - +0 animal skin
rPois   .            (helmet currently unavailable)
rElec   .            (cloak currently unavailable)
rCorr   .            (gloves currently unavailable)
SInv    .            (boots currently unavailable)
Will    .....        (no amulet)
Stlth   +            (no ring)
HPRegen 0.25/turn    (no ring)
MPRegen 0.09/turn

%: no passive effects
@: beast-form
A: beast (slay +2), weakness stinger 1
a: Begin Untransformation


You were on level 3 of the Dungeon.
You were a hulking beast.
You visited 1 branch of the dungeon, and saw 3 of its levels.

You collected 88 gold pieces.

Inventory:

Missiles
 j - 2 throwing nets
Armour
 a - a +0 animal skin (worn)
Talismans
 f - a beast talisman
Scrolls
 c - a scroll of enchant armour {unknown}
 e - a scroll of poison
 h - 3 scrolls of identify
Potions
 b - 2 potions of lignification
 d - a potion of berserk rage {unknown}


   Skills:
 + Level 2.2 Fighting
 + Level 2.2 Dodging
 + Level 3.0 Unarmed Combat
 * Level 3.7 Shapeshifting


You had 3 spell levels left.
You didn't know any spells.
Your spell library was empty.

Dungeon Overview and Level Annotations

Branches:
Dungeon (3/15)

Altars:

Annotations:
D:3 Sigmund


Innate Abilities, Weirdness & Mutations

You are a hulking beast.
Your limbs bulge with bestial killing power. (Slay +2)
You have a small tail.


Message History

The frilled lizard hisses angrily.
The frilled lizard bites you.
You hit the frilled lizard.
You kill the frilled lizard!
You see here a frilled lizard corpse.
A rat comes into view.
You barely miss the rat. The rat closely misses you.
You hit the rat.
You kill the rat!
You see here a rat corpse.
There is an open door here.
Found a stone staircase leading down.
A dart slug comes into view.
Sigmund and a giant cockroach come into view.
The dart slug launches a dart at you. The slug dart misses you.
Sigmund shouts!
You hit the dart slug.
The dart slug is lightly wounded.
Sigmund barely misses you.
You hit the dart slug.
The dart slug is moderately wounded.
The dart slug misses you.
You hit the dart slug. You tail-slap the dart slug.
The dart slug is almost dead.
Sigmund hits you from afar with a +0 scythe!
The dart slug launches a dart at you. The slug dart hits you.
You hit the dart slug.
You kill the dart slug!
Sigmund casts a spell.
Sigmund flickers and vanishes!
Deactivating autopickup; reactivate with Ctrl-A.
You punch the giant cockroach!
You kill the giant cockroach!
Something hits you!
* * * LOW HITPOINT WARNING * * *
A magic dart appears from out of thin air!
The magic dart hits you!
You die...

######### #........ # #####
#........ #. #... #.†......
#.#####.##########........
#.>...{..h................
#.#.....##................
##.#.....#####.###.....#
#.....†.##.#..# #8†8###....#
#.....####.##.#####.####....#
#..... #.##....##.##.......
#.... #.##.####8.8###.....
##########'##.#####.# #.....
#............##.# ####..


There were no monsters in sight!

Vanquished Creatures
  Jessica (D:2)
  5 adders (D:2)
  3 dart slugs
  An orc (D:3)
  6 bats
  A giant cockroach (D:3)
  5 goblins
  4 hobgoblins
  4 jackals (D:1)
  4 kobolds
  2 quokkas (D:1)
  5 ball pythons
  6 frilled lizards
  6 rats
53 creatures vanquished.

Notes
Turn   | Place    | Note
-------+----------+-------------------------------------------
     0 | D:1      | marky1606 the Demonspawn Shapeshifter began the quest for
                  | the Orb.
     0 | D:1      | Reached XP level 1. HP: 16/16 MP: 1/1
   241 | D:1      | Gained mutation: You have a small tail. [demonic ancestry]
   241 | D:1      | Reached XP level 2. HP: 14/22 MP: 2/2
   661 | D:1      | Found a faded altar of an unknown god.
   709 | D:1      | Reached XP level 3. HP: 27/27 MP: 3/3
  1189 | D:2      | Noticed Jessica
  1197 | D:2      | Killed Jessica
  1226 | D:2      | Reached XP level 4. HP: 14/33 MP: 4/4
  2501 | D:3      | Noticed Sigmund
  2513 | D:3      | Killed from afar by Sigmund

Illustrated notes

Levels and vault maps discovered:
D:1:      amcnicky_arrival_double_pillar, layout_loops_ring,
          shapermc_ecumenical_altar_acropolis
D:2:      layout_basic, uniq_jessica
D:3:      layout_basic, amcnicky_mini_corridor_feature, uniq_sigmund,
          uniq_crazy_yiuf_cottage

Skill      XL: |  1  2  3  4 |
---------------+-------------+-----
Shapeshifting  | 3 |  3.7
Unarmed Combat | 2 3 |  3.0
Dodging        | 2 |  2.2
Fighting       | |  2.2

Action                     |  1- 3 |  4- 6 || total
---------------------------+-------+-------++-------
  Melee: Unarmed           |    92 |    52 ||   144
         Tailslap          |     8 |     6 ||    14
         Punch             |       |     6 ||     6
    Use: Scroll            |     2 |     4 ||     6
         Potion            |     1 |     4 ||     5
   Stab: Sleeping          |     3 |     2 ||     5
 Armour: Animal skin       |    20 |     4 ||    24
  Dodge: Dodged            |    52 |    32 ||    84

Table legend: (Time is in decaauts)
 A = Elapsed time spent in this place.
 B = Non-inter-level travel time spent in this place.
 C = Inter-level travel time spent in this place.
 D = Time resting spent in this place.
 E = Time spent auto-exploring this place.
 F = Levels seen in this place.
 G = Mean time per level.
                   A        B        C        D        E       F      G
               +--------+--------+--------+--------+--------+-----+--------+
         Total |   2505 |   2427 |     78 |    580 |   1478 |   3 |  835.0 |
       Dungeon |   2505 |   2427 |     78 |    580 |   1478 |   3 |  835.0 |
               +--------+--------+--------+--------+--------+-----+--------+

Top non-repeatable levels by time:
     D:2: 1290 daAuts
     D:1: 1020 daAuts
     D:3: 194 daAuts
